 Dungeon Crawl Stone Soup version 0.17.1-1-g73c8601 (webtiles) character file.

751 zhaorenw the Ruffian (level 7, -3/68 HPs)
             Began as a Troll Transmuter on Jan 6, 2016.
             Slain by an ogre
             ... wielding a +0 giant club
              (10 damage)
             ... on level 5 of the Dungeon.
             The game lasted 00:06:05 (3096 turns).

zhaorenw the Ruffian (Troll Transmuter)             Turns: 3096, Time: 00:06:06

Health: -3/68      AC:  5    Str: 19    XL:     7   Next: 49%
Magic:  7/7        EV: 10    Int: 10    God:
Gold:   253        SH:  0    Dex: 11    Spells: 2 memorised, 5 levels left

rFire  . . .     SeeInvis .       - Unarmed
rCold  . . .     Clarity  .     E - +0 robe (curse)
rNeg   . . .     SustAt   .     (no shield)
rPois  +         Gourm    +     (helmet restricted)
rElec  .         Spirit   .     (no cloak)
rCorr  .         Warding  .     (gloves unavailable)
rMut   .         Stasis   +     (boots unavailable)
MR     .....                    j - amulet of stasis {Stasis, !d}
Stlth  +.........               v - ring of poison resistance {rPois, !d}
                                e - ring of teleportation (curse) {+/*tele, !d}

@: not resistant to hostile enchantments, very unstealthy
A: unfitting armour, claws 3, fast metabolism 3, gourmand, regeneration 2,
shaggy fur 1, tough skin 2
a: Evoke Teleportation


You were on level 5 of the Dungeon.
You were full.

You visited 1 branch of the dungeon, and saw 5 of its levels.

You collected 253 gold pieces.

Inventory:

Hand Weapons
 a - a +0 hunting sling
   (You found it on level 1 of the Dungeon)
Missiles
 b - a throwing net {=f, !d}
 g - 3 curare-tipped needles
 q - 25 arrows
 r - 13 steel sling bullets
 s - 59 sling bullets
 z - 11 arrows of dispersal {=f}
 A - 14 arrows of flame
Armour
 E - a cursed +0 robe (worn)
   (You found it on level 4 of the Dungeon)
Jewellery
 e - a cursed ring of teleportation (left claw) {+/*tele, !d}
   (You found it on level 1 of the Dungeon)
 j - an amulet of stasis (around neck) {Stasis, !d}
   (You found it on level 1 of the Dungeon)
 v - a ring of poison resistance (right claw) {rPois, !d}
   (You found it on level 2 of the Dungeon)
Wands
 y - a wand of magic darts (16)
   (You took it off Jessica on level 3 of the Dungeon)
 H - a wand of flame (23)
   (You found it on level 5 of the Dungeon)
Scrolls
 l - a scroll of amnesia {unknown}
 n - a scroll of random uselessness {unknown}
 o - 4 scrolls of fog
 p - a scroll of fear {unknown}
 t - 2 scrolls of blinking {unknown}
 u - a scroll of enchant weapon {unknown}
 x - a scroll of enchant armour {unknown}
 D - a scroll of identify {unknown}
 F - a scroll of teleportation {unknown}
Potions
 h - 2 potions of degeneration {unknown}
 i - a potion of invisibility {unknown}
 m - 2 potions of haste {unknown}
 w - 2 potions of curing {unknown}
 C - a potion of cure mutation {unknown}
 G - a potion of heal wounds {unknown}
Books
 c - a book of Changes
 B - a book of Ice
   (You found it on level 3 of the Dungeon)
Comestibles
 d - 8 bread rations {@e1}
 f - 4 meat rations {@e2}
 k - a beef jerky


   Skills:
 + Level 3.9 Fighting
 - Level 1.5 Dodging
 + Level 6.8 Unarmed Combat
 - Level 1.2 Spellcasting
 - Level 2.5 Transmutations


You had 5 spell levels left.
You knew the following spells:

 Your Spells              Type           Power        Failure   Level  Hunger
a - Beastly Appendage     Trmt           #.....       14%         1    ##.....
x - Sticks to Snakes      Trmt           #.........   21%         2    ###....


Dungeon Overview and Level Annotations

Branches:
Dungeon (5/15)
 Temple: D:4-7

Altars:
Ashenzari
Gozag
Vehumet
Yredelemnul


Innate Abilities, Weirdness & Mutations

You are too large for most types of armour.
You have claws for hands.
Your metabolism is lightning-fast.
You like to eat raw meat.
You heal very quickly.
You are covered in fur (AC +1).
You have very tough skin (AC +2).


Message History

You start waiting.
You feel sick.
Unknown command.
You feel sick.
You are no longer poisoned.
F - a scroll labeled FIVVAASK GEMOL Done exploring.
Done exploring.
Done exploring.
Done exploring.
No target in view!
(D) Dungeon
Where to? (Enter - D:4, ? - help)
You open the door.
There is an open door here.
You open the door.
There is an open door here.
There is a stone staircase leading down here.
You climb downwards.
Found a stone staircase leading down.
There is a stone staircase leading up here.
Found a radiant altar of Vehumet.
Unknown command.
No target in view!
Found an escape hatch in the floor.
No target in view!
G - a yellow potion No target in view!
No target in view!
No target in view!
A sky beast comes into view.
You open the door.
You found a shaft!
You grow a pair of large bovine horns.
The sky beast flickers out of sight!
Deactivating autopickup; reactivate with Ctrl-A.
Something hits you but does no damage.
You now have 6/7 mp.
You mangle something!! You miss something.
Something hits you but does no damage.
You barely miss something. You headbutt something.
Something hits you but does no damage.
Unknown command.
You closely miss something. Your headbutt misses something.
Something hits you but does no damage.
Your transformation is almost over.
Something hits you. Something shocks you.
There is a shaft here.
You take 8 damage, and have 59/67 hp.
Something hits you. Something shocks you.
You take 9 damage, and have 50/67 hp.
You see here a silver wand.
You scratch something. Something hits you. Something shocks you.
You take 7 damage, and have 44/67 hp.
You miss something. Something hits you but does no damage.
MP restored: 7 You miss something.
You headbutt something. Something hits you. Something shocks you.
You take 9 damage, and have 36/67 hp.
You miss something. You headbutt something.
Reactivating autopickup.
You feel a bit more experienced.
Your horns disappear.
H - a wand of flame
o - 4 scrolls of fog (gained 1)
A giant frog skeleton comes into view.
Found a basalt altar of Yredelemnul.
You see here 18 gold pieces.
The giant frog skeleton hits you.
You take 1 damage, and have 43/68 hp.
You scratch the giant frog skeleton. The giant frog skeleton misses you.
You scratch the giant frog skeleton.
The giant frog skeleton hits you but does no damage.
Unknown command.
You claw the giant frog skeleton!
The giant frog skeleton barely misses you.
The giant frog skeleton hits you.
You take 2 damage, and have 42/68 hp.
You barely miss the giant frog skeleton.
The giant frog skeleton closely misses you.
You claw the giant frog skeleton!
You destroy the giant frog skeleton!
An ogre comes into view. It is wielding a giant club.
The ogre shouts!
You see here a scroll labeled JUESOGU WOKLI.
An ogre is nearby!
You scratch the ogre. The ogre hits you with a giant club!
You take 6 damage, and have 40/68 hp.
You completely miss the ogre. You scratch the ogre but do no damage.
The ogre hits you with a giant club.
You take 2 damage, and have 38/68 hp.
Unknown command.
You claw the ogre! The ogre hits you with a giant club!
You take 13 damage, and have 25/68 hp.
You claw the ogre! You closely miss the ogre.
The ogre hits you with a giant club!!
* * * LOW HITPOINT WARNING * * *
You take 20 damage, and have 6/68 hp.
MASSIVE DAMAGE!!
You barely miss the ogre. The ogre hits you with a giant club!
You die...

.........'.###.#
........^..# .#
...........# .#
###........## ..
#..##.....#####
#!......#$#...
#...#.###.#.###
#.....#...?...#
#....##..@..#.#
#.(.. #..O..#
....# #.......#
+#..
....$.#.#...
!....##.._..##
...... ..#.#..
.....# #...####
##... ### #


You could see an ogre.

Vanquished Creatures
  Grinder (D:3)
  A sky beast (D:5)
  2 phantoms (D:4)
  2 worker ants (D:4)
  Jessica (D:3)
  A giant frog skeleton (D:5)
  Terence (D:3)
  A hound skeleton (D:4)
  6 adders
  An ooze (D:1)
  2 worms
  3 giant geckos
  5 orcs
  11 bats
  6 goblins
  10 hobgoblins
  2 jackals (D:1)
  5 kobolds
  3 quokkas
  5 giant cockroaches
  2 giant gecko skeletons (D:4)
  4 giant newts
  6 rats
81 creatures vanquished.

Notes
Turn   | Place    | Note
--------------------------------------------------------------
     0 | D:1      | zhaorenw the Troll Transmuter began the quest for the Orb.
     0 | D:1      | Reached XP level 1. HP: 18/18 MP: 1/1
    75 | D:1      | Found a shattered altar of Ashenzari.
   112 | D:1      | Reached XP level 2. HP: 26/26 MP: 2/2
   358 | D:1      | Reached skill level 4 in Unarmed Combat
   439 | D:1      | Reached skill level 1 in Fighting
   439 | D:1      | Reached XP level 3. HP: 31/33 MP: 3/3
   757 | D:1      | Learned a level 2 spell: Sticks to Snakes
  1338 | D:2      | Reached skill level 2 in Transmutations
  1373 | D:2      | Reached XP level 4. HP: 38/41 MP: 4/4
  1707 | D:3      | Noticed Terence
  1720 | D:3      | Killed Terence
  1743 | D:3      | Noticed Jessica
  1746 | D:3      | Killed Jessica
  1788 | D:3      | Reached XP level 5. HP: 48/48 MP: 5/5
  2001 | D:3      | Noticed Grinder
  2028 | D:3      | Killed Grinder
  2028 | D:3      | Reached skill level 2 in Fighting
  2028 | D:3      | Reached skill level 5 in Unarmed Combat
  2028 | D:3      | Reached XP level 6. HP: 53/59 MP: 6/6
  2383 | D:4      | Reached skill level 3 in Fighting
  2383 | D:4      | Reached skill level 6 in Unarmed Combat
  2692 | D:4      | Reached XP level 7. HP: 62/67 MP: 7/7
  2940 | D:4      | Found an opulent altar of Gozag.
  3038 | D:5      | Entered Level 5 of the Dungeon
  3040 | D:5      | Found a radiant altar of Vehumet.
  3076 | D:5      | Found a basalt altar of Yredelemnul.
  3095 | D:5      | HP: 6/68 [ogre/giant club (20)]
  3096 | D:5      | Slain by an ogre

Action                   |  1- 3 |  4- 6 |  7- 9 || total
-------------------------+-------+-------+-------++-------
Melee: Unarmed           |   101 |   133 |    32 ||   266
 Fire: Hunting sling     |     2 |       |       ||     2
 Cast: Beastly Appendage |     3 |    11 |     7 ||    21
  Use: Scroll            |     1 |     1 |       ||     2
 Stab: Sleeping          |     1 |       |       ||     1
  Eat: Chunk             |    17 |    12 |     2 ||    31

Vault maps used:
D:1:      matt_arrival_grand_opening, moated_statue, evilmike_ruin_ashenzari
D:2:      first_bread, st_stairs_3
D:3:      kennysheep_big_flooded_room, uniq_grinder, uniq_terence, uniq_jessica
D:4:      kennysheep_little_box
D:5:      corexii_shack_village, lemuel_crystal_altar, vehumet_crystals,
          lemuel_crystal_altar, minivault_4, minmay_misc_feat_ornament

Table legend:
 A = Turns spent in this place as a percentage of turns spent in the entire game.
 B = Non-inter-level travel turns spent in this place as a percentage of non-inter-level travel turns spent in the entire game.
 C = Inter-level travel turns spent in this place as a percentage of turns spent in this place.
 D = Turns resting spent in this place as a percentage of non-inter-level travel turns spent in this place.
 E = Turns spent auto-exploring this place as a percentage of non-inter-level travel turns spent in this place.
 F = Non-inter-level travel turns spent in this place divided by the number of levels of this place that you've seen.
                   A       B       C       D       E      F
               +-------+-------+-------+-------+-------+----------------------
         Total | 100.0 | 100.0 |   0.6 |   2.6 |   9.2 | 249.4
       Dungeon | 100.0 | 100.0 |   0.6 |   2.6 |   9.2 | 249.4
               +-------+-------+-------+-------+-------+----------------------

Table legend:
 A = Kills in this place as a percentage of kills in entire the game.
 B = Kills by you in this place as a percentage of kills by you in the entire game.
 C = Kills by friends in this place as a percentage of kills by friends in the entire game.
 D = Other kills in this place as a percentage of other kills in the entire game.
 E = Experience gained in this place as a percentage of experience gained in the entire game.
 F = Experience gained in this place divided by the number of levels of this place that you have seen.
                   A       B       C       D       E      F
               +-------+-------+-------+-------+-------+----------------------
         Total | 100.0 | 100.0 |  -nan |  -nan | 100.0 | 214.6
       Dungeon | 100.0 | 100.0 |  -nan |  -nan | 100.0 | 214.6
               +-------+-------+-------+-------+-------+----------------------
